 Dungeon Crawl Stone Soup version 0.31-a0-831-g143b1e81fc (webtiles) character file.

Game seed: 12326262695419591704

1824571 MackTheKnife the Maledictor (level 24, 208/208 HPs)
             Began as a Vampire Hexslinger on Sept 24, 2023.
             Was an Elder of Okawaru.
             Escaped with the Orb
             ... and 3 runes!
             The game lasted 01:55:02 (54380 turns).

MackTheKnife the Maledictor (Vampire Hexslinger)   Turns: 54380, Time: 01:55:03

Health: 208/208    AC: 23    Str:  8    XL:     24   Next: 40%
Magic:  37/37      EV: 36    Int: 27    God:    Okawaru [****..]
Gold:   5540       SH:  0    Dex: 32    Spells: 7/43 levels left

rFire   + + .        k - +1 longbow "Icynueq" {speed, rCorr SInv Stlth+, bow}
rCold   + + +        (shield currently unavailable)
rNeg    + + .        W - +6 troll leather armour of True Grit {rN+ Regen+ Int+4 Dex+3}
rPois   +            y - +2 hat of Ehatzado {Drain rF+ Int+3 Dex+2}
rElec   +            Q - +2 cloak
rCorr   +            M - +1 pair of gloves "Kodur" {rPois}
SInv    +            A - +3 pair of mountain boots {steadfast, rC+}
Will    +++..        q - amulet "Mixumoggye" {Spirit rF+ Slay+5}
Stlth   ++           c - ring "Zynakk" {rN+ Will+ Slay+5}
HPRegen 1.54/turn    C - ring of Nel Zucew {rElec rC++ Str+3 Dex+6 Stlth+}
MPRegen 0.25/turn

%: guardian spirit
@: healing quickly, studying 3 skills
A: alive, fangs 3, see invisible, vampiric 2, clumsy 1, weak 1, evolution 1,
MP-powered wands
0: Orb of Zot
}: 3/15 runes: serpentine, barnacled, slimy
a: Exsanguinate, Renounce Religion, Heroism, Finesse


You escaped.
You worshipped Okawaru.
Okawaru was greatly pleased with you.
You visited 11 branches of the dungeon, and saw 52 of its levels.
You visited 1 bazaar.
You also visited: Gauntlet and Volcano.

You collected 7068 gold pieces.
You spent 1528 gold pieces at shops.


Innate Abilities, Weirdness & Mutations

Your natural rate of healing is accelerated.
You have razor-sharp teeth.
You have supernaturally acute eyesight. (SInv)
You are afflicted with vampirism and can become a bat while bloodless.
You are clumsy. (Dex -2)
You are weak. (Str -2)
You have hidden genetic potential.
You expend magic power (3 MP) to strengthen your wands.


   Skills:
 - Level 21.0 Fighting
 + Level 19.2 Ranged Weapons
 - Level 12.0 Armour
 - Level 21.0 Dodging
 - Level 6.0 Stealth
 - Level 10.0 Spellcasting
 - Level 21.0 Hexes
 - Level 4.5 Translocations
 - Level 10.0 Transmutations
 - Level 0.7 Fire Magic
 - Level 6.0 Ice Magic
 - Level 8.0 Invocations
 - Level 8.0 Evocations


You had 7 spell levels left.
You knew the following spells:

 Your Spells              Type           Power      Damage    Failure   Level
a - Enfeeble              Hex            45%        N/A       1%          7
b - Cause Fear            Hex            45%        N/A       0%          4
c - Yara's Violent Unrav  Hex/Tmut       38%        3d15      1%          5
d - Inner Flame           Hex/Fire       64%        N/A       1%          3
e - Dimensional Bullseye  Hex/Tloc       35%        N/A       1%          4
f - Blink                 Tloc           74%        N/A       1%          2
g - Ozocubu's Armour      Ice            45%        N/A       1%          3
h - Metabolic Englaciati  Hex/Ice        36%        N/A       1%          5
i - Wereblood             Tmut           61%        N/A       1%          2
j - Apportation           Tloc           74%        N/A       1%          1

Your spell library contained the following spells:

 Spells                   Type           Power      Damage    Failure   Level
 Slow                     Hex            100%       N/A       0%          1
 Jinxbite                 Hex            100%       N/A       0%          2
 Confusing Touch          Hex            91%        N/A       0%          3
 Sigil of Binding         Hex            91%        N/A       0%          3
 Freeze                   Ice            100%       1d10      1%          1
 Ensorcelled Hibernation  Hex/Ice        100%       N/A       1%          2
 Lesser Beckoning         Tloc           74%        N/A       1%          2
 Passwall                 Tmut/Erth      33%        N/A       1%          2
 Anguish                  Hex/Necr       31%        N/A       1%          4
 Fulminant Prism          Conj/Hex       31%        3d15      1%          4
 Gell's Gravitas          Tloc           37%        N/A       2%          3
 Teleport Other           Tloc           37%        N/A       2%          3
 Foxfire                  Conj/Fire      60%        2x1d7     4%          1
 Hailstorm                Conj/Ice       29%        3d8       4%          3
 Kiss of Death            Conj/Necr      52%        2d9       5%          1
 Magic Dart               Conj           52%        1d5       5%          1
 Shock                    Conj/Air       52%        1d6       5%          1
 Volatile Blastmotes      Fire/Tloc      54%        2d14      5%          3
 Scorch                   Fire           34%        2d6       6%          2
 Petrify                  Tmut/Erth      40%        N/A       7%          4
 Sublimation of Blood     Necr           13%        N/A       9%          2
 Manifold Assault         Tloc           37%        N/A       9%          4
 Passage of Golubria      Tloc           37%        N/A       9%          4
 Mephitic Cloud           Conj/Pois/Air  13%        N/A       16%         3
 Stone Arrow              Conj/Erth      26%        3d8       16%         3
 Swiftness                Air            13%        N/A       16%         3
 Vampiric Draining        Necr           13%        2d6       16%         3
 Alistair's Intoxication  Tmut/Pois      26%        N/A       19%         5
 Irradiate                Conj/Tmut      20%        3d18      19%         5
 Iskenderun's Mystic Bla  Conj/Tloc      25%        2d7       22%         4
 Vhi's Electric Charge    Tloc/Air       50%        N/A       22%         4
 Flame Wave               Conj/Fire      15%        2d7       43%         4
 Airstrike                Air            6%         2d(1-17)  47%         4
 Dispel Undead            Necr           13%        3d9       47%         4
 Dispersal                Tloc           18%        N/A       78%         6
 Arcjolt                  Conj/Air       6%         1d16      83%         5
 Ozocubu's Refrigeration  Ice            22%        4d12      98%         7
 Conjure Ball Lightning   Conj/Air       6%         3x3d6     100%        6
 Disjunction              Tloc           18%        N/A       100%        8
 Lehudib's Crystal Spear  Conj/Erth      6%         10d3      100%        8
 Maxwell's Capacitive Co  Air            6%         ∞         100%        8
 Tukima's Dance           Hex            Unusable   N/A       N/A         3
 Summon Guardian Golem    Hex/Summ       Unusable   N/A       N/A         3
 Summon Mana Viper        Hex/Summ       Unusable   N/A       N/A         5
 Call Imp                 Summ           Unusable   N/A       N/A         2
 Call Canine Familiar     Summ           Unusable   N/A       N/A         3
 Summon Ice Beast         Ice/Summ       Unusable   N/A       N/A         4
 Animate Armour           Summ/Erth      Unusable   N/A       N/A         4
 Summon Lightning Spire   Summ/Air       Unusable   N/A       N/A         4
 Summon Forest            Summ/Tloc      Unusable   N/A       N/A         5
 Simulacrum               Ice/Necr       Unusable   N/A       N/A         6
 Summon Cactus Giant      Summ           Unusable   N/A       N/A         6
 Haunt                    Necr/Summ      Unusable   N/A       N/A         7
 Monstrous Menagerie      Summ           Unusable   N/A       N/A         7
 Summon Hydra             Summ           Unusable   N/A       N/A         7

Inventory:

Hand Weapons
 k - the +1 longbow "Icynueq" (weapon) {speed, rCorr SInv Stlth+, bow}
   (Okawaru gifted it to you on level 2 of the Lair of Beasts)

   SInv:      It lets you see invisible.
   rCorr:     It protects you from acid and corrosion.
   Stlth+:    It makes you more stealthy.
Armour
 y - the +2 hat of Ehatzado (worn) {Drain rF+ Int+3 Dex+2}
   (Okawaru gifted it to you on level 2 of the Lair of Beasts)

   Int+3:     It affects your intelligence (+3).
   Dex+2:     It affects your dexterity (+2).
   rF+:       It protects you from fire.
   Drain:     It drains your maximum health when unequipped.
 A - the +3 pair of mountain boots (worn) {steadfast, rC+}
   (You found it on level 5 of the Pits of Slime)

   Steadfast: It prevents involuntary movement, except for blinking,
   teleportation, or banishment.
   rC+:       It protects you from cold.
 M - the +1 pair of gloves "Kodur" (worn) {rPois}
   (You found it on level 3 of the Snake Pit)

   rPois:     It protects you from poison
 Q - a +2 cloak (worn)
   (You took it off Nikola on level 4 of the Snake Pit)
 W - the +6 troll leather armour of True Grit (worn) {rN+ Regen+ Int+4 Dex+3}
   (You took it off a deep elf sorcerer on level 14 of the Dungeon)

   Int+4:     It affects your intelligence (+4).
   Dex+3:     It affects your dexterity (+3).
   rN+:       It protects you from negative energy.
   Regen+:    It increases your rate of health regeneration.
Jewellery
 c - the ring "Zynakk" (left hand) {rN+ Will+ Slay+5}
   (You found it on level 3 of the Elven Halls)

   [ring of positive energy]

   Slay+5:    It affects your accuracy & damage with ranged weapons and melee
   (+5).
   rN+:       It protects you from negative energy.
   Will+:     It increases your willpower.
 e - a ring of flight
   (You took it off a spriggan on level 5 of the Lair of Beasts)
 q - the amulet "Mixumoggye" (around neck) {Spirit rF+ Slay+5}
   (You found it on level 3 of the Dungeon)

   [amulet of guardian spirit]

   Spirit:    It causes incoming damage to be divided between your reserves of
   health and magic.
   Slay+5:    It affects your accuracy & damage with ranged weapons and melee
   (+5).
   rF+:       It protects you from fire.
 C - the ring of Nel Zucew (right hand) {rElec rC++ Str+3 Dex+6 Stlth+}
   (You found it in a Gauntlet)

   [ring of dexterity]

   Str+3:     It affects your strength (+3).
   Dex+6:     It affects your dexterity (+6).
   rC++:      It greatly protects you from cold.
   rElec:     It insulates you from electricity.
   Stlth+:    It makes you more stealthy.
Wands
 o - a wand of iceblast (66)
   (You found it on level 3 of the Lair of Beasts)
 s - a wand of flame (96)
   (You found it on level 4 of the Dungeon)
 E - a wand of polymorph (25)
   (You took it off an orc on level 7 of the Dungeon)
 F - a wand of quicksilver (17)
   (You found it on level 8 of the Dungeon)
 I - a wand of paralysis (47)
   (You found it on level 11 of the Dungeon)
 Y - a wand of mindburst (20)
   (You found it on level 2 of the Vaults)
Scrolls
 b - 10 scrolls of poison {!r}
 h - 9 scrolls of blinking {!r}
 j - 5 scrolls of amnesia
 l - 25 scrolls of teleportation {@r4}
 n - 13 scrolls of vulnerability {!r!r}
 p - a scroll of silence {!r}
 r - 4 scrolls of fog
 x - 12 scrolls of fear
 B - 9 scrolls of enchant armour
 K - 3 scrolls of immolation {!r!r}
 P - 8 scrolls of enchant weapon
 U - 6 scrolls of identify {@r1}
Potions
 a - 8 potions of might
 d - 8 potions of mutation {!q}
 f - 6 potions of enlightenment
 g - 7 potions of haste {@q3}
 m - 13 potions of curing {@q1}
 t - 16 potions of heal wounds {@q2}
 u - 6 potions of lignification {!q}
 v - 3 potions of magic
 w - 5 potions of brilliance
 z - a potion of ambrosia
 H - 8 potions of attraction {!q}
 N - 4 potions of resistance
 T - 2 potions of invisibility
 V - 2 potions of cancellation
Miscellaneous
 i - a phial of floods
   (You found it on level 14 of the Dungeon)
 S - a lightning rod (4/4)
   (You found it on level 14 of the Dungeon)

Dungeon Overview and Level Annotations

Branches:
Dungeon (15/15)            Temple (1/1) D:6            Lair (5/5) D:11
 Shoals (4/4) Lair:3        Snake (4/4) Lair:3        Slime (5/5) Lair:4
    Orc (2/2) D:9             Elf (3/3) Orc:2        Vaults (4/5) D:13
  Crypt (0/3) Vaults:3     Depths (4/4) D:15            Zot (5/5) Depths:4
Volcano (visited)         Gauntlet (visited)

Altars:
Ashenzari
Cheibriados
Dithmenos
Fedhas
Gozag
Hepliaklqana
Kikubaaqudgha
Makhleb
Nemelex Xobeh
Okawaru
Qazlal
Ru
Sif Muna
Trog
Uskayaw
Vehumet
Wu Jian
Xom
Yredelemnul
Jiyva

Shops:
D:9 (   D:10 *   D:15 [   Orc:2 ((((   Elf:1 (   Snake:2 *   Vaults:1 (::(*
Vaults:2 ?

Portals:
Hell: Depths:1 Depths:2 Depths:3 Depths:4
Abyss: D:7 Depths:1 Depths:3
Pandemonium: Depths:2 Depths:3 Depths:4
Ziggurat: Depths:2

Annotations:
D:5 2 runed translucent doors, Pi314's ghost, amateur DrAE
D:7 2 transporters, KimchiStew's ghost, novice HOMo
D:15 3 runed translucent doors, Jorgrun; Layddamu's ghost, journeyman HuFi
Lair:1 1 runed translucent door, exclusion: oklob plant, Efabraxi's ghost, journeyman DrCj
Elf:1 6 transporters, 1 runed translucent door, Howanit's ghost, veteran DjCj
Elf:2 3 runed translucent doors
Depths:4 3 runed translucent doors
Zot:5 1 transporter, exclusion: 2 upstairs

###....##########################
.......#.........................
.#.....#.........................
##.....#...######..####.####...##
.......#...# #..# #.# ##...##
##.#...#...# #..# #.# #......
##.#####...# ####..####.###......
...# #...# #........#..........
#### #...###..@................
#### #.........1....#####.....(
...# #...###........# #####..
...# #...# #####..### #.. ...#
#...#######..###########.. ...##
#.........................
....####.........................
###...#################.#########
###.......................##...


You could see an Executioner (fast).


Message History

Your hands slow down. 😎 HP[+5]
Your hp is fully restored (208).
You start waiting.
You feel less invigorated.
You feel less confused.
You feel like a meek peon again.
Unknown command.
You climb upwards.
There is a stone staircase leading down here.
Unknown command.
What level of the Dungeon? (default 1, ? - help)
There is an entrance to Uneuth's Assorted Antiques here.
Items here: ))))))).
There is a stone staircase leading up here.
You climb upwards.
There is a stone staircase leading down here.
There is a stone staircase leading up here.
You climb upwards.
There is a stone staircase leading down here.
There is a stone staircase leading up here.
You climb upwards.
Level annotation: 2 transporters, KimchiStew's ghost, novice HOMo
There is a stone staircase leading down, spattered with blood here.
Things that are here:
a curare-tipped dart {=fthrowing}; a +0 dagger {short}
There is a stone staircase leading up here.
You climb upwards.
There is a stone staircase leading down here.
There is a stone staircase leading up here.
You climb upwards.
Level annotation: 2 runed translucent doors, Pi314's ghost, amateur DrAE
There is a stone staircase leading down here.
You see here a +0 scale mail.
You see here a +0 robe.
A reaper comes into view. It is wielding a +1 scythe of flaming.
You shoot an arrow. The arrow hits the reaper!
You shoot an arrow. The arrow hits the reaper!
You shoot an arrow. The arrow hits the reaper!!!
You shoot an arrow. The arrow barely misses the reaper.
The reaper hits you with a +1 scythe of flaming!!
The reaper burns you. 😕 HP[-33] MP[-5]
You take 33 damage, and now have 175/208 hp.
You lost 5 mp, and now have 32/37 mp.
You shoot an arrow. The arrow closely misses the reaper.
The reaper completely misses you. 😕 HP[+1]
You shoot an arrow. The arrow hits the reaper!!!
You kill the reaper!
Okawaru accepts your kill. 😕 HP[+1] No target in view!
No target in view! 😕 HP[+2]
You regained 2 hp, and now have 179/208 hp. 😕 HP[+1] 😕 HP[+2] MP[+1]
You regained 2 hp, and now have 182/208 hp. 😕 HP[+1] 😕 HP[+2]
You regained 2 hp, and now have 185/208 hp.
There is a stone staircase leading up here. 😕 HP[+1]
You climb upwards.
There is a stone staircase leading down here. 😕 HP[+4] MP[+1]
You regained 4 hp, and now have 190/208 hp.
What level of the Dungeon? (default 1, ? - help) 2 smoke demons and 3 hellwings come into view.
There is a stone staircase leading up here. 😕 HP[+12] MP[+2]
You regained 12 hp, and now have 202/208 hp.
You regained 2 mp, and now have 36/37 mp.
The smoke demon roars!
You climb upwards.
There is a stone staircase leading down here. 😕 HP[+4] MP[+1]
You regained 4 hp, and now have 206/208 hp.
Your mp is fully restored (37).
No target in view!
Unknown command.
A soul eater comes into view. 😎 HP[+2]
Your hp is fully restored (208).
The soul eater moves out of view.
There is a stone staircase leading up here.
You climb upwards.
There is a stone staircase leading down here.
There is a stone staircase leading up here.
You climb upwards.
There is a stone staircase leading down here.
There is an open door here.
You see here a +0 club {mace}.
There is an open door here.
An Executioner comes into view.
The Executioner gestures.
The Executioner seems to speed up.
There is a staircase leading out of the dungeon here.
The Executioner completely misses you. x2; The Executioner misses you.
You have escaped!

Skill      XL: |  1  2  3  4  5  6  7  8  9 10 11 12 13 14 15 16 17 18 19 20 21 22 23 24 |
---------------+-------------------------------------------------------------------------+-----
Ranged Weapons | 2 3 4 5 8 10 11 12 14 15 16 18 19 | 19.2
Hexes          | 5 7 10 12 14 20 21 | 21.0
Spellcasting   | 3 6 8 10 | 10.0
Fighting       | 5 8 10 11 13 14 15 17 20 21 | 21.0
Dodging        | 5 10 11 13 16 18 21 | 21.0
Invocations    | 2 8 |  8.0
Translocations | 4 |  4.5
Stealth        | 6 |  6.0
Evocations     | 8 |  8.0
Armour         | 2 4 12 | 12.0
Ice Magic      | 6 |  6.0
Transmutations | 7 10 | 10.0
Fire Magic     | |  0.7

Action                     |  1- 3 |  4- 6 |  7- 9 | 10-12 | 13-15 | 16-18 | 19-21 | 22-24 || total
---------------------------+-------+-------+-------+-------+-------+-------+-------+-------++-------
   Fire: Sling             |    97 |   246 |   104 |       |       |       |       |       ||   447
         Shortbow          |       |       |   232 |   605 |       |       |       |       ||   837
         Longbow           |       |       |       |    76 |  1191 |  1819 |  1994 |  1733 ||  6813
   Cast: Jinxbite          |     1 |     7 |    36 |    72 |    63 |    19 |       |       ||   198
         Cause Fear        |       |       |       |     4 |     2 |       |       |       ||     6
         Sigil of Binding  |       |       |       |     3 |       |       |       |       ||     3
         Inner Flame       |       |       |       |       |     5 |     2 |       |       ||     7
         Dimensional Bulls |       |       |       |       |     3 |     3 |    23 |    23 ||    52
         Metabolic Englaci |       |       |       |       |       |     4 |    12 |     1 ||    17
         Ozocubu's Armour  |       |       |       |       |       |     2 |     3 |     4 ||     9
         Blink             |       |       |       |       |       |     1 |     5 |    13 ||    19
         Wereblood         |       |       |       |       |       |       |    14 |    22 ||    36
         Enfeeble          |       |       |       |       |       |       |       |    12 ||    12
         Apportation       |       |       |       |       |       |       |       |     2 ||     2
 Invoke: Heroism           |       |       |       |     1 |     3 |    33 |    28 |    22 ||    87
         Receive Weapon    |       |       |       |     1 |       |       |       |       ||     1
         Receive Armour    |       |       |       |     1 |       |       |       |       ||     1
         Finesse           |       |       |       |       |     1 |     5 |    15 |    17 ||    38
Ability: Exsanguinate      |       |       |       |       |       |     1 |       |       ||     1
  Evoke: Wand              |       |       |       |     3 |       |       |       |       ||     3
         Phial of floods   |       |       |       |       |       |       |     1 |       ||     1
    Use: Scroll            |       |     5 |     4 |    12 |    11 |     6 |    10 |    10 ||    58
         Potion            |       |     1 |     2 |     1 |     1 |     1 |     4 |     5 ||    15
 Armour: Robe              |    20 |    51 |    87 |   173 |    57 |       |       |       ||   388
         Leather armour    |       |       |       |       |    56 |       |       |       ||    56
         Troll leather arm |       |       |       |       |    16 |    77 |       |    52 ||   145
         Ring mail         |       |       |       |       |    13 |   141 |       |       ||   154
         Quicksilver drago |       |       |       |       |       |    77 |   274 |   252 ||   603
  Dodge: Dodged            |    29 |    56 |    86 |   243 |   221 |   520 |   534 |   654 ||  2343

Levels and vault maps discovered:
D:1:      dpeg_arrival_boxes_within_box, layout_basic
D:2:      layout_loops_ring, dreamdust_ecumenical_altar_drowned_temple,
          minmay_strange_pillars, uniq_terence
D:3:      layout_basic, uniq_natasha, uniq_jessica
D:4:      layout_cave_pods, grunt_temple_overflow_holy_war, serial_demonic,
          serial_demonic_e, serial_demonic_b, serial_demonic_a, serial_demonic_f
D:5:      layout_basic, ebering_ghost_disaster_area, st_stairs_5, uniq_edmund
D:6:      layout_basic, minmay_temple_entry_gardened_gates
D:7:      layout_basic, gammafunk_ghost_abyssal_escape
D:8:      layout_cave_pools
D:9:      layout_basic, mainiacjoe_overflow_large_starburst, orc_0_dummy,
          serial_shops, shop
D:10:     layout_basic, nicolae_stop_n_shop_2
D:11:     layout_long_grid, dpeg_lair_monsters, gauntlet_entry_generic,
          portal_ice_cave_entry_animals_and_master, hangedman_decor_slide_cut,
          nicolae_figureground_sparkle
D:12:     layout_irregular_city, elyvilon_altar_5
D:13:     layout_basic, david_vaults_2
D:14:     minmay_the_grid_4x2 [minmay_the_grid_pillar_ring,
          minmay_the_grid_eight, minmay_the_grid_embedded,
          minmay_the_grid_medium_cups, minmay_the_grid_doors,
          minmay_the_grid_empty, minmay_the_grid_tri_star,
          minmay_the_grid_prize_big_room], layout_gridville,
          nzn_wu_jian_contemplation
D:15:     grunt_enter_depths_hoard, layout_cave_pods, serial_shops,
          nicolae_shop_behind_doors, gammafunk_ghost_necromancy,
          yredelemnul_altar_generic, uniq_jorgrun
Temple:   mainiacjoe_temple_coin_purse
Lair:1:   minmay_lair_oklob_chamber, layout_cave_pods,
          ebering_ghost_inner_flame, lemuel_fruit_fields
Lair:2:   layout_cave_pods
Lair:3:   layout_regular_city, elwin_shoals_entry_rocks, dummy_snake_entry,
          basic_altar, serial_bayou_shore_b, grunt_megastairs_3
Lair:4:   dreamdust_labyrinth, layout_regular_city,
          nicolae_slime_entry_field_trip
Lair:5:   minmay_lair_end_enchanted_forest, layout_hall_layers, enter_volcano_1
Shoals:1: cheibrodos_shoals_roost, layout_shoals,
          nicolae_shoals_the_drawing_of_the_three
Shoals:2: layout_shoals, uniq_donald
Shoals:3: layout_shoals, st_sunken_huts
Shoals:4: shoals_end_grunt_ice, layout_shoals, nicolae_shoals_square_sea_wall
Snake:1:  layout_layer_cave
Snake:2:  layout_cave_shapes, serial_shops, shop_coins
Snake:3:  layout_misc_corridors, nrook_loot_triangle, lemuel_fruit_tree,
          uniq_vashnia
Snake:4:  hellmonk_snake_rune_quicksilver_temple, layout_gridlike, serial_shops,
          freezing_bzr, serial_curves, eino_curves_02, eino_curves_01,
          uniq_aizul, uniq_nikola
Slime:1:  layout_caves
Slime:2:  layout_caves
Slime:3:  layout_caves, dissolution_awaits
Slime:4:  layout_caves
Slime:5:  slime_pit_nicolae_trefoil
Orc:1:    layout_caves
Orc:2:    st_orc_mages, layout_caves, basic_altar
Elf:1:    eino_elf_arrival_the_gate, layout_gridlike, serial_shops,
          nicolae_shop_gibbet_a_chance, hellmonk_ghost_happy_afterlife,
          minmay_elf_demonology, serial_nicolae_subway,
          nicolae_sub_station_metal, nicolae_sub_station_stone,
          nicolae_sub_station_crystal, lemuel_upstairs_altar
Elf:2:    elven_hall_of_blades_hangedman_original
          [nicolae_blade_entry_pointy_end], layout_geoelf_diagonals
Elf:3:    minmay_elf_hall_four_x, layout_onion_city, serial_sigils,
          serial_sigils_hangedman_carve, serial_sigils_hangedman_writhe,
          serial_sigils_hangedman_gnaw, serial_sigils_hangedman_shear,
          serial_sigils_hangedman_stare, minmay_misc_feat_alley, minivault_23
Vaults:1: nicolae_vaults_trapezoid_lopsided_3, nicolae_vaults_twisting_passages,
          nicolae_vaults_diamond_2, hangedman_vaults_cutoff, grunt_vaults_focal,
          nicolae_vaults_closet_pinwheel_4, vaults_room_ringed_pool,
          hangedman_vaults_restitches, nicolae_vaults_storage_closets_2,
          v_misc_27, ontoclasm_vaults_loading_screen, vaults_dpeg_encased_lava,
          nicolae_vaults_little_squares_4, layout_vaults_omnicross,
          serial_shops, nicolae_shop_statue_plus, nicolae_shop_behind_doors,
          nicolae_shop_window_shopping, shop, shop
Vaults:2: v_misc_16, nicolae_vaults_yaktaur_gun_rack,
          nicolae_vaults_surprise_closet, nicolae_vaults_cochlea,
          grunt_vaults_hallway_long, v_misc_15, hangedman_vaults_trim,
          hangedman_vaults_slice, hangedman_vaults_nails,
          layout_vaults_omnigrid, serial_shops, shop_fountains, uniq_mennas,
          uniq_mara
Vaults:3: blue_anna_dwarven_crypt, vaults_standard_mumra_x,
          nicolae_vaults_network_periphery, nicolae_vaults_little_squares_1,
          ontoclasm_vaults_ring_small, ontoclasm_vaults_decontamination,
          nicolae_vaults_hexular_roomagon, v_misc_29,
          nicolae_vaults_trapezoid_1, nicolae_vaults_trapezoid_lopsided_1,
          nicolae_vaults_c_with_doors, nicolae_vaults_house_3, v_misc_26,
          vaults_room_door_hall, nicolae_vaults_weapon_check,
          layout_vaults_maze, uniq_xtahua
Vaults:4: nicolae_vaults_library_corner, hangedman_vaults_cutoff,
          nicolae_vaults_house_3, nicolae_vaults_house_2,
          nicolae_vaults_back_hallway, vaults_room_corners,
          vaults_mumra_minichess, nicolae_vaults_storage_closets_1,
          grunt_vaults_swirl, nicolae_vaults_wine_cellar,
          nicolae_vaults_diagonal_hallway_8, layout_vaults_ring, uniq_margery
Depths:1: layout_gridville, hell_entry, hangedman_abyss_entry_splay,
          nicolae_sextant, serial_bayou_lagoon_a, nemelex_lonely_heart_becter
Depths:2: hangedman_pleasuredromes, hell_entry, pan_entry
Depths:3: kennysheep_six_static_rooms, layout_long_grid, abyss_entry_crystal,
          kennysheep_boxes, rand_demon_pan_entry_9, hangedman_coc_ice_floe,
          kennysheep_generic_room_15, uniq_sojobo
Depths:4: evilmike_zot_entry_diamond, layout_small_grid,
          grunt_hell_entry_demonic_statue, amcnicky_mini_rare_corridor_liquid,
          rand_demon_pan_entry_4, ploomutoo_gammafunk_ghost_potion_laboratory
Zot:1:    kennysheep_blocky_room, layout_misc_corridors, st_small_dragon_hoard_1
Zot:2:    gammafunk_sealed_library, layout_misc_corridors
Zot:3:    layout_concentric_octagons, ebering_ghost_gozag
Zot:4:    layout_cellular_growth
Zot:5:    layout_basic, nicolae_diode_basic

Notes
Turn   | Place    | Note
-------+----------+-------------------------------------------
     0 | D:1      | MackTheKnife the Vampire Hexslinger began the quest for the
                  | Orb.
     0 | D:1      | Reached XP level 1. HP: 14/14 MP: 2/2
     0 | D:1      | magus.rc [v1.9.6]
   110 | D:1      | Reached skill level 2 in Ranged Weapons
   210 | D:1      | Reached XP level 2. HP: 20/20 MP: 3/3
   349 | D:1      | Learned a level 2 spell: Jinxbite
   581 | D:1      | Gained mutation: You are afflicted with vampirism and can
                  | become a bat while bloodless. [Vampire growth]
   581 | D:1      | Reached XP level 3. HP: 25/25 MP: 4/4
   599 | D:1      | Reached skill level 3 in Ranged Weapons
   820 | D:2      | magus.rc [v1.9.6]
   870 | D:2      | Noticed Terence
   883 | D:2      | Killed Terence
   938 | D:2      | Reached XP level 4. HP: 31/31 MP: 5/5
  1197 | D:2      | Found a faded altar of an unknown god.
  1284 | D:2      | Reached skill level 4 in Ranged Weapons
  1507 | D:2      | magus.rc [v1.9.6]
  1688 | D:3      | Gained mutation: You are strong-willed. (Will+) [potion of
                  | mutation]
  1688 | D:3      | Gained mutation: You are dopey. (Int -2) [potion of
                  | mutation]
  1688 | D:3      | Gained mutation: Your muscles are strong. (Str +4, Int/Dex
                  | -1) [potion of mutation]
  1696 | D:3      | Noticed Jessica
  1707 | D:3      | Killed Jessica
  1708 | D:3      | Reached XP level 5. HP: 24/36 MP: 6/6
  2035 | D:3      | Noticed Natasha
  2045 | D:3      | Killed Natasha
  2150 | D:3      | Noticed Natasha
  2156 | D:3      | Killed Natasha
  2157 | D:3      | Reached skill level 5 in Ranged Weapons
  2179 | D:3      | Identified the amulet "Mixumoggye" {Spirit rF+ Slay+5}
  2191 | D:3      | Learned a level 4 spell: Cause Fear
  2336 | D:4      | Reached skill level 5 in Hexes
  2361 | D:4      | Reached XP level 6. HP: 32/42 MP: 4/7
  2496 | D:4      | Reached skill level 6 in Hexes
  2801 | D:4      | Reached skill level 7 in Hexes
  2958 | D:4      | Reached XP level 7. HP: 23/47 MP: 5/9
  3132 | D:4      | Found a basalt altar of Yredelemnul.
  3134 | D:4      | Noticed a profane servitor
  3462 | D:4      | Reached skill level 2 in Spellcasting
  3536 | D:5      | Entered Level 5 of the Dungeon
  3661 | D:5      | Reached skill level 3 in Spellcasting
  3675 | D:5      | Noticed Edmund
  3691 | D:5      | Killed Edmund
  3692 | D:5      | Reached skill level 8 in Hexes
  3772 | D:5      | Reached skill level 9 in Hexes
  3955 | D:5      | Reached skill level 10 in Hexes
  4029 | D:5      | Reached XP level 8. HP: 53/53 MP: 9/12
  4140 | D:5      | Found a large runed translucent door.
  4141 | D:5      | Found a large runed translucent door.
  4150 | D:5      | Noticed Pi314's ghost (amateur DrAE)
  4676 | D:6      | Reached skill level 6 in Ranged Weapons
  4942 | D:6      | HP: 13/53 [poisoned by a water moccasin]
  5042 | D:6      | Found a staircase to the Ecumenical Temple.
  5047 | D:6      | Reached skill level 7 in Ranged Weapons
  5059 | Temple   | Entered the Ecumenical Temple
  5068 | Temple   | Became a worshipper of Warmaster Okawaru
  5623 | D:7      | Found a one-way gate to the infinite horrors of the Abyss.
  5623 | D:7      | Noticed KimchiStew's ghost (novice HOMo)
  5631 | D:7      | Found a transporter.
  5654 | D:7      | Reached skill level 8 in Ranged Weapons
  5654 | D:7      | Reached XP level 9. HP: 58/58 MP: 9/13
  5680 | D:7      | You pick up a book of Displacement and begin reading...
  5680 | D:7      | You add the spells Lesser Beckoning, Gell's Gravitas and
                  | Teleport Other to your library.
  5732 | D:7      | Reached * piety under Okawaru
  6021 | D:7      | Found a transporter.
  6121 | D:7      | Reached skill level 9 in Ranged Weapons
  6211 | D:7      | You add the spells Vhi's Electric Charge, Arcjolt and
                  | Maxwell's Capacitive Coupling to your library.
  6216 | D:7      | Learned a level 3 spell: Sigil of Binding
  6220 | D:7      | Learned a level 3 spell: Inner Flame
  6459 | D:8      | Reached ** piety under Okawaru
  6494 | D:8      | Reached skill level 10 in Ranged Weapons
  7009 | D:9      | Found a staircase to the Orcish Mines.
  7058 | D:9      | Found a stormy altar of Qazlal.
  7088 | D:9      | Reached XP level 10. HP: 43/64 MP: 8/14
  7184 | D:9      | Found a burning altar of Makhleb.
  7317 | D:9      | Reached skill level 11 in Ranged Weapons
  7386 | D:9      | Reached *** piety under Okawaru
  7417 | D:9      | HP: 15/64 [poisoned by a kobold brigand (curare-tipped
                  | dart)]
  7422 | D:9      | HP: 9/64 [poisoned by a kobold brigand (curare-tipped
                  | dart)]
  7667 | D:9      | Found Cuqipaun's Antique Weapon Shop.
  7935 | D:10     | Entered Level 10 of the Dungeon
  7984 | D:10     | Reached skill level 1 in Fighting
  8299 | D:10     | Reached skill level 2 in Fighting
  8299 | D:10     | Reached skill level 3 in Dodging
  8427 | D:10     | Reached skill level 4 in Dodging
  8438 | D:10     | Found Uneuth's Assorted Antiques.
  8447 | D:10     | Bought an amethyst potion for 34 gold pieces
  8447 | D:10     | Bought a scroll labelled KOASMA JANOILA for 38 gold pieces
  8641 | D:11     | Reached skill level 3 in Fighting
  8654 | D:11     | Noticed a death yak
  8760 | D:11     | Noticed a boulder beetle
  8792 | D:11     | Killed a boulder beetle
  8792 | D:11     | Reached **** piety under Okawaru
  8793 | D:11     | Reached skill level 4 in Fighting
  8793 | D:11     | Reached skill level 5 in Dodging
  8794 | D:11     | Found a gate leading to a gauntlet.
  8794 | D:11     | Noticed a manticore
  8806 | D:11     | Killed a manticore
  8824 | Gauntlet | Entered a Gauntlet
  8824 | Gauntlet | Found a transporter.
  8860 | Gauntlet | Found a transporter.
  8862 | Gauntlet | Found a transporter.
  8871 | Gauntlet | Found a transporter.
  8886 | Gauntlet | Found a transporter.
  8892 | Gauntlet | Found a transporter.
  8903 | Gauntlet | Noticed a fire crab
  8907 | Gauntlet | Found a transporter.
  8925 | Gauntlet | Noticed an entropy weaver
  8926 | Gauntlet | Found a transporter.
  8934 | Gauntlet | Found a large runed translucent door.
  8934 | Gauntlet | Noticed a death yak
  8935 | Gauntlet | Found a large runed translucent door.
  8935 | Gauntlet | Noticed a death yak
  8936 | Gauntlet | Found a large runed translucent door.
  8936 | Gauntlet | Found a large runed translucent door.
  8936 | Gauntlet | Noticed a death yak
  8936 | Gauntlet | Noticed a death yak
  8937 | Gauntlet | Found a runed translucent gate.
  8937 | Gauntlet | Noticed a necromancer
  8938 | Gauntlet | Found a transporter.
  8938 | Gauntlet | Found a runed translucent gate.
  8938 | Gauntlet | Noticed a death yak
  8939 | Gauntlet | Found a runed translucent gate.
  8939 | Gauntlet | Found a large runed translucent door.
  8939 | Gauntlet | Found a large runed translucent door.
  8939 | Gauntlet | Found a runed translucent door.
  8939 | Gauntlet | Found a runed translucent door.
  8940 | Gauntlet | Found a large runed translucent door.
  8941 | Gauntlet | Found a large runed translucent door.
  8943 | Gauntlet | Found a transporter.
  8948 | Gauntlet | Found a large runed translucent door.
  8948 | Gauntlet | Found a large runed translucent door.
  8949 | Gauntlet | Found a large runed translucent door.
  8950 | Gauntlet | Found a large runed translucent door.
  8958 | Gauntlet | Found a transporter.
  8960 | Gauntlet | Found a large runed translucent door.
  8960 | Gauntlet | Found a large runed translucent door.
  8961 | Gauntlet | Found a large runed translucent door.
  8961 | Gauntlet | Noticed a dire elephant
  8961 | Gauntlet | Noticed an elephant
  8962 | Gauntlet | Found a large runed translucent door.
  8962 | Gauntlet | Noticed an elephant
  8964 | Gauntlet | Found a transporter.
  8987 | Gauntlet | Found a transporter.
  8987 | Gauntlet | Noticed a necromancer
  8994 | Gauntlet | Found a transporter.
  8994 | Gauntlet | Found a transporter.
  9001 | Gauntlet | Noticed a death yak
  9001 | Gauntlet | Noticed a death yak
  9002 | Gauntlet | Noticed a death yak
  9002 | Gauntlet | Noticed a death yak
  9003 | Gauntlet | Noticed a death yak
  9008 | Gauntlet | Noticed a death yak
  9009 | Gauntlet | Noticed a necromancer
  9010 | Gauntlet | Noticed a death yak
  9010 | Gauntlet | Noticed a death yak
  9011 | Gauntlet | Found a transporter.
  9020 | Gauntlet | Found a transporter.
  9065 | Gauntlet | Found a transporter.
  9078 | Gauntlet | Noticed a soul eater
  9391 | Gauntlet | Identified the ring of Nel Zucew {rElec rC++ Str+3 Dex+6
                  | Stlth+}
  9405 | Gauntlet | Noticed a minotaur
  9516 | D:11     | Reached skill level 5 in Fighting
  9575 | D:11     | Noticed an ice dragon
  9607 | D:11     | Killed an ice dragon
  9607 | D:11     | Reached ***** piety under Okawaru
  9608 | D:11     | Reached XP level 11. HP: 50/80 MP: 9/15
  9713 | D:11     | Reached skill level 6 in Fighting
 10081 | D:11     | Found a staircase to the Lair.
 10081 | D:11     | Noticed a death yak
 10108 | D:11     | Killed a death yak
 10109 | D:11     | Reached skill level 12 in Ranged Weapons
 10110 | D:11     | Noticed a death yak
 10112 | D:11     | Noticed a death yak
 10112 | D:11     | Noticed a death yak
 10115 | D:11     | Noticed a death yak
 10116 | D:11     | HP: 13/82 [death yak (16)]
 10119 | D:11     | Killed a death yak
 10119 | D:11     | Received a gift from Okawaru
 10745 | Lair:1   | Entered Level 1 of the Lair of Beasts
 10784 | Lair:1   | Reached skill level 7 in Fighting
 10866 | Lair:1   | Noticed a catoblepas
 10881 | Lair:1   | Killed a catoblepas
 10998 | Lair:1   | Reached skill level 8 in Fighting
 11088 | Lair:1   | Noticed an oklob plant
 11349 | Lair:1   | Received a gift from Okawaru
 11360 | Lair:1   | Found a runed translucent door.
 11360 | Lair:1   | Noticed a six-headed hydra
 11362 | Lair:1   | Noticed Efabraxi's ghost (journeyman DrCj)
 11529 | Lair:1   | Reached XP level 12. HP: 94/94 MP: 13/16
 11962 | Lair:2   | Reached skill level 13 in Ranged Weapons
 12402 | Lair:2   | Noticed a catoblepas
 12420 | Lair:2   | Killed a catoblepas
 12421 | Lair:2   | Reached skill level 9 in Fighting
 12714 | Lair:2   | Received a gift from Okawaru
 13167 | Lair:3   | Reached ****** piety under Okawaru
 13210 | Lair:3   | Reached skill level 10 in Fighting
 13276 | Lair:2   | Acquired the +1 longbow "Icynueq" {speed, rCorr SInv
                  | Stlth+}
 13276 | Lair:2   | Received a gift from Okawaru
 13281 | Lair:2   | Acquired the +2 hat of Ehatzado {Drain rF+ Int+3 Dex+2}
 13281 | Lair:2   | Received a gift from Okawaru
 13360 | Lair:3   | Reached skill level 14 in Ranged Weapons
 13509 | Lair:3   | Received a gift from Okawaru
 13694 | Lair:3   | Found a staircase to the Snake Pit.
 13782 | Lair:3   | Found a staircase to the Shoals.
 13808 | Lair:3   | Noticed a death yak
 13812 | Lair:3   | Noticed a death yak
 13813 | Lair:3   | Noticed a death yak
 13813 | Lair:3   | Noticed a death yak
 13814 | Lair:3   | Killed a death yak
 13815 | Lair:3   | Reached skill level 1 in Invocations
 13827 | Lair:3   | Killed a death yak
 13828 | Lair:3   | Reached skill level 2 in Invocations
 13828 | Lair:3   | Killed a death yak
 13829 | Lair:3   | Reached XP level 13. HP: 99/103 MP: 13/17
 13833 | Lair:3   | Reached skill level 3 in Invocations
 13878 | Lair:3   | Reached skill level 4 in Invocations
 13907 | Lair:3   | Reached skill level 5 in Invocations
 13962 | Lair:3   | Found a broken altar of Ashenzari.
 14140 | Lair:3   | Received a gift from Okawaru
 14358 | Lair:3   | magus.rc [v1.9.6]
 14448 | Lair:4   | Found a runed translucent door.
 14474 | Lair:4   | Reached skill level 6 in Invocations
 14600 | Lair:4   | Lost mutation: You are dopey. (Int -2) [potion of mutation]
 14600 | Lair:4   | Lost mutation: Your muscles are strong. (Str +4, Int/Dex
                  | -1) [potion of mutation]
 14600 | Lair:4   | Lost mutation: You are strong-willed. (Will+) [potion of
                  | mutation]
 14600 | Lair:4   | Gained mutation: You passively map a small area around you.
                  | [potion of mutation]
 14600 | Lair:4   | Gained mutation: Your muscles are strong. (Str +4, Int/Dex
                  | -1) [potion of mutation]
 14621 | Lair:4   | Found a staircase to the Slime Pits.
 14622 | Lair:4   | Found a viscous altar of Jiyva.
 14714 | Lair:4   | Reached skill level 7 in Invocations
 14761 | Lair:4   | Learned a level 4 spell: Dimensional Bullseye
 14952 | Lair:4   | Reached skill level 8 in Invocations
 15100 | Lair:4   | Received a gift from Okawaru
 15571 | Lair:4   | Noticed a minotaur
 15713 | Lair:4   | Killed a minotaur
 15803 | Lair:5   | Entered Level 5 of the Lair of Beasts
 15859 | Lair:5   | Found a dark tunnel.
 15869 | Volcano  | Entered a volcano
 15923 | Volcano  | Reached skill level 15 in Ranged Weapons
 16159 | Volcano  | c - a +0 quick blade of flaming {shortrare=g}
 16224 | Lair:5   | Received a gift from Okawaru
 16445 | Lair:5   | Reached XP level 14. HP: 110/110 MP: 17/20
 16668 | Lair:5   | Identified the +7 orcbow of Joyful Slaughter {freeze, rC+}
 16791 | Lair:5   | Reached skill level 16 in Ranged Weapons
 16802 | Lair:5   | Reached skill level 6 in Dodging
 16984 | Lair:5   | Reached skill level 7 in Dodging
 17190 | Lair:5   | Reached skill level 8 in Dodging
 17192 | Lair:5   | You pick up a book of Winter and begin reading...
 17192 | Lair:5   | You add the spells Ozocubu's Armour and Metabolic
                  | Englaciation to your library.
 17203 | Lair:5   | Received a gift from Okawaru
 17418 | Lair:5   | Reached skill level 9 in Dodging
 17651 | Orc:1    | Entered Level 1 of the Orcish Mines
 17877 | Orc:2    | Entered Level 2 of the Orcish Mines
 18023 | Orc:2    | Reached skill level 10 in Dodging
 18170 | Orc:2    | Reached skill level 1 in Translocations
 18219 | Orc:2    | Received a gift from Okawaru
 18225 | Orc:2    | Found Eleh's Weapon Emporium.
 18226 | Orc:2    | Found Qoocao Tacu's Antique Weapon Shoppe.
 18227 | Orc:2    | Found Tadiquluto's Antique Weapon Shoppe.
 18231 | Orc:2    | Found Kisiowogh's Antique Weapon Emporium.
 18238 | Orc:2    | Bought a glowing longbow for 161 gold pieces
 18416 | Orc:2    | Found a staircase to the Elven Halls.
 18661 | Orc:1    | Reached skill level 2 in Translocations
 18944 | D:12     | Reached skill level 11 in Hexes
 19026 | D:12     | You add the spells Blink and Manifold Assault to your
                  | library.
 19030 | D:12     | Learned a level 2 spell: Blink
 19065 | D:12     | You pick up a book of Touch and begin reading...
 19065 | D:12     | You add the spells Kiss of Death, Confusing Touch and
                  | Dispel Undead to your library.
 19132 | D:12     | Reached skill level 3 in Translocations
 19220 | D:12     | Received a gift from Okawaru
 19696 | D:13     | Found a gate to the Vaults.
 19821 | D:13     | Reached skill level 12 in Hexes
 19840 | D:13     | Reached skill level 4 in Translocations
 20351 | D:14     | Reached XP level 15. HP: 115/115 MP: 18/21
 20438 | D:14     | Reached skill level 4 in Spellcasting
 20455 | D:14     | Received a gift from Okawaru
 20471 | D:14     | Reached skill level 5 in Spellcasting
 20600 | D:14     | Reached skill level 6 in Spellcasting
 20619 | D:14     | Reached skill level 2 in Stealth
 20656 | D:14     | Reached skill level 3 in Stealth
 20656 | D:14     | Noticed a tengu reaver
 20663 | D:14     | Killed a tengu reaver
 20664 | D:14     | Reached skill level 4 in Stealth
 20670 | D:14     | Reached skill level 5 in Stealth
 20726 | D:14     | Reached skill level 6 in Stealth
 20734 | D:14     | Reached skill level 1 in Evocations
 20774 | D:14     | Reached skill level 2 in Evocations
 20783 | D:14     | Noticed a lich
 20791 | D:14     | Received a gift from Okawaru
 20796 | D:14     | Killed a lich
 20797 | D:14     | Reached skill level 3 in Evocations
 20799 | D:14     | Identified the +6 troll leather armour of True Grit {rN+
                  | Regen+ Int+4 Dex+3}
 20799 | D:14     | Noticed a deep elf sorcerer
 21092 | D:14     | Killed a deep elf sorcerer
 21093 | D:14     | Reached skill level 4 in Evocations
 21126 | D:14     | Learned a level 3 spell: Ozocubu's Armour
 21212 | D:14     | Reached skill level 5 in Evocations
 21483 | D:14     | Found an ornate altar of the Wu Jian Council.
 21704 | D:15     | Entered Level 15 of the Dungeon
 21778 | D:15     | Received a gift from Okawaru
 21779 | D:15     | Reached skill level 6 in Evocations
 21882 | D:15     | You add the spells Foxfire, Shock and Conjure Ball
                  | Lightning to your library.
 21882 | D:15     | Got an inconspicuous book
 21918 | D:15     | Found a runed translucent gate.
 21918 | D:15     | Found a runed translucent gate.
 21919 | D:15     | Found a runed translucent gate.
 21920 | D:15     | Noticed Layddamu's ghost (journeyman HuFi)
 22036 | D:15     | Found Jowinio's Armour Shop.
 22048 | D:15     | Noticed Jorgrun
 22131 | D:15     | Reached skill level 7 in Evocations
 22181 | D:15     | Found a basalt altar of Yredelemnul.
 22411 | D:15     | Found a staircase to the Depths.
 22946 | Snake:1  | Entered Level 1 of the Snake Pit
 23309 | Snake:1  | Noticed a nagaraja
 23317 | Snake:1  | Killed a nagaraja
 23318 | Snake:1  | Reached skill level 1 in Armour
 23399 | Snake:1  | Received a gift from Okawaru
 23406 | Snake:1  | Reached skill level 8 in Evocations
 23555 | Snake:1  | Reached skill level 2 in Armour
 23680 | Snake:1  | Reached XP level 16. HP: 122/122 MP: 23/25
 23857 | Snake:1  | Reached skill level 3 in Armour
 23977 | Snake:1  | Reached skill level 4 in Armour
 24150 | Snake:1  | Reached skill level 1 in Ice Magic
 24566 | Snake:1  | Learned a level 5 spell: Metabolic Englaciation
 24587 | Snake:2  | Found Sioqyscha's Assorted Antiques.
 24605 | Snake:2  | Reached skill level 2 in Ice Magic
 24713 | Snake:2  | Reached skill level 3 in Ice Magic
 24728 | Snake:2  | Reached skill level 4 in Ice Magic
 24777 | Snake:2  | Received a gift from Okawaru
 24872 | Snake:2  | Reached skill level 5 in Ice Magic
 25030 | Snake:2  | Reached skill level 6 in Ice Magic
 25596 | Snake:3  | Reached skill level 13 in Hexes
 25623 | Snake:3  | Received a gift from Okawaru
 25694 | Snake:3  | Noticed Vashnia
 25764 | Snake:2  | magus.rc [v1.9.6]
 25820 | Shoals:1 | Entered Level 1 of the Shoals
 25869 | Shoals:1 | Reached skill level 14 in Hexes
 26457 | Shoals:1 | Received a gift from Okawaru
 26470 | Shoals:1 | Reached skill level 11 in Fighting
 26648 | Shoals:1 | You pick up a book of Burglary and begin reading...
 26648 | Shoals:1 | You add the spells Passwall, Ensorcelled Hibernation and
                  | Swiftness to your library.
 26695 | Shoals:1 | Reached skill level 11 in Dodging
 27496 | Shoals:2 | Noticed Donald
 27508 | Shoals:2 | Killed Donald
 27738 | Shoals:3 | Reached XP level 17. HP: 108/131 MP: 14/26
 28002 | Shoals:3 | Noticed a kraken
 28033 | Shoals:3 | Killed a kraken
 28041 | Shoals:3 | Received a gift from Okawaru
 28180 | Shoals:3 | Reached skill level 12 in Dodging
 28386 | Shoals:3 | You pick up a book of Air and begin reading...
 28640 | Shoals:3 | Reached skill level 12 in Fighting
 28782 | Shoals:4 | Entered Level 4 of the Shoals
 29262 | Shoals:4 | Identified the +3 ring mail of Qaekhuz {rF- Dex+6}
 29308 | Shoals:4 | You pick up a book of Burglary and begin reading...
 29339 | Shoals:4 | Reached skill level 13 in Dodging
 29448 | Shoals:4 | You add the spells Passage of Golubria and Yara's Violent
                  | Unravelling to your library.
 29613 | Shoals:4 | Received a gift from Okawaru
 29625 | Shoals:4 | Got a barnacled rune of Zot
 29777 | Shoals:4 | You pick up a book of Armaments and begin reading...
 29777 | Shoals:4 | You add the spells Stone Arrow and Lehudib's Crystal Spear
                  | to your library.
 29781 | Shoals:4 | Identified the +1 falchion "Giantbane" {chaos, Stlth+}
 29831 | Shoals:4 | Reached skill level 13 in Fighting
 29901 | Shoals:4 | Found the +8 Wrath of Trog {antimagic, *Rage Rampage}
 30228 | Snake:3  | Learned a level 5 spell: Yara's Violent Unravelling
 30250 | Snake:3  | Reached skill level 1 in Transmutations
 30258 | Snake:3  | Reached skill level 2 in Transmutations
 30396 | Snake:3  | Identified the +1 pair of gloves "Kodur" {rPois}
 30475 | Snake:3  | Reached skill level 3 in Transmutations
 30599 | Snake:4  | Entered Level 4 of the Snake Pit
 30622 | Snake:4  | Found a flickering gateway to a bazaar.
 30629 | Bazaar   | Entered a bazaar
 30641 | Bazaar   | Found Igousi's Antique Armour Shop.
 30673 | Bazaar   | Found Roet's Book Shop.
 30681 | Bazaar   | Bought a book of Hexes for 504 gold pieces
 30681 | Bazaar   | You pick up a book of Hexes and begin reading...
 30681 | Bazaar   | You add the spells Anguish and Enfeeble to your library.
 30695 | Bazaar   | Bought a runed scarf for 224 gold pieces
 30696 | Bazaar   | Bought a cloak for 126 gold pieces
 30777 | Snake:4  | Reached skill level 4 in Transmutations
 30829 | Snake:4  | Reached skill level 5 in Transmutations
 31173 | Snake:4  | Noticed Nikola
 31195 | Snake:4  | Killed Nikola
 31203 | Snake:4  | Reached skill level 6 in Transmutations
 31245 | Snake:4  | Noticed Aizul
 31255 | Snake:4  | Killed Aizul
 31392 | Snake:4  | Reached skill level 7 in Transmutations
 31530 | Snake:4  | Received a gift from Okawaru
 31575 | Snake:4  | Reached XP level 18. HP: 129/143 MP: 24/27
 31718 | Snake:4  | Reached skill level 8 in Transmutations
 31822 | Snake:4  | Reached skill level 9 in Transmutations
 31858 | Snake:4  | quicksilver dragon scales {rare}; a quicksilver dragon
                  | corpse
 31858 | Snake:4  | R - quicksilver dragon scales {rare}
 31982 | Snake:4  | Reached skill level 10 in Transmutations
 31982 | Snake:4  | magus.rc [v1.9.6]
 32025 | Snake:4  | Got a serpentine rune of Zot
 32036 | Snake:4  | You finish putting on your quicksilver dragon scales
                  | {rare}.
 32098 | Snake:3  | Killed Vashnia
 32196 | Snake:3  | You pick up a book of Touch and begin reading...
 32355 | Snake:3  | Reached skill level 7 in Spellcasting
 32513 | Snake:3  | Received a gift from Okawaru
 32769 | Vaults:1 | Entered Level 1 of the Vaults
 32808 | Vaults:1 | Found Caoneer's Book Emporium.
 32866 | Vaults:1 | Found Pimeng's Weapon Shoppe.
 32871 | Vaults:1 | Reached skill level 8 in Spellcasting
 32985 | Vaults:1 | Reached skill level 14 in Dodging
 33440 | Vaults:1 | Received a gift from Okawaru
 33717 | Vaults:1 | You pick up a book of Party Tricks and begin reading...
 33717 | Vaults:1 | You add the spells Apportation and Alistair's Intoxication
                  | to your library.
 33773 | Vaults:1 | Reached skill level 14 in Fighting
 33800 | Vaults:1 | Found Pinet's Assorted Antiques.
 33881 | Vaults:1 | Reached skill level 15 in Dodging
 33918 | Vaults:1 | Found Jaatoogae's Antique Weapon Emporium.
 33924 | Vaults:1 | Bought a translucent shortbow for 336 gold pieces
 33924 | Vaults:1 | Identified the +5 shortbow "Suwk" {speed, Drain +Blink
                  | Will+ Dex+3} (You bought it in a shop on level 1 of the
                  | Vaults)
 34052 | Vaults:1 | Found Tywoxt's Book Boutique.
 34431 | Vaults:1 | magus.rc [v1.9.6]
 34536 | Vaults:2 | Noticed Mara
 34545 | Vaults:2 | Noticed MackTheKnife's illusion
 34549 | Vaults:2 | Killed Mara
 34549 | Vaults:2 | Received a gift from Okawaru
 34636 | Vaults:2 | Reached skill level 16 in Dodging
 34636 | Vaults:2 | Reached XP level 19. HP: 148/152 MP: 24/31
 35015 | Vaults:2 | Noticed Mennas
 35023 | Vaults:2 | Found Ighidus's Magic Scroll Shoppe.
 35029 | Vaults:2 | Bought a scroll of blinking for 105 gold pieces
 35363 | Vaults:2 | Identified the +10 arbalest of Indomitability {antimagic,
                  | Str+3}
 35861 | Vaults:3 | Reached skill level 17 in Ranged Weapons
 36221 | Vaults:3 | Noticed Xtahua
 36241 | Vaults:3 | Killed Xtahua
 36694 | Vaults:3 | Reached skill level 18 in Ranged Weapons
 37063 | Vaults:3 | Found a staircase to the Crypt.
 37619 | Vaults:3 | Identified the orb "Peirhasch" {*channel, Harm rC+}
 37895 | Vaults:4 | Noticed Margery
 37910 | Vaults:4 | Killed Margery
 38094 | Vaults:4 | Reached XP level 20. HP: 157/161 MP: 20/32
 38301 | Vaults:4 | Learned a level 7 spell: Enfeeble
 38549 | Vaults:4 | Reached skill level 17 in Dodging
 38571 | Vaults:4 | Reached skill level 15 in Fighting
 38620 | Vaults:4 | Got a dog-eared book
 38623 | Vaults:4 | Got an engraved book
 38626 | Vaults:4 | You pick up a book of Debilitation and begin reading...
 38626 | Vaults:4 | You add the spells Slow and Vampiric Draining to your
                  | library.
 38687 | Vaults:4 | Received a gift from Okawaru
 38964 | Vaults:4 | Identified the +5 dagger of Beogh's Hatred {flame, Int+2}
 39016 | Vaults:4 | Reached skill level 18 in Dodging
 39025 | Vaults:4 | Identified the +1 broad axe "Zaadduti" {heavy, *Noise rN+
                  | Dex+3}
 39060 | Vaults:4 | Reached skill level 15 in Hexes
 39373 | Vaults:2 | Killed Mennas
 39490 | Vaults:2 | Reached skill level 16 in Hexes
 39928 | Elf:1    | Entered Level 1 of the Elven Halls
 39951 | Elf:1    | Received a gift from Okawaru
 40119 | Elf:1    | Reached skill level 17 in Hexes
 40187 | Elf:1    | Got a curious book
 40283 | Elf:1    | Found a transporter.
 40291 | Elf:1    | Found a transporter.
 40302 | Elf:1    | Found a transporter.
 40306 | Elf:1    | Found a transporter.
 40316 | Elf:1    | Found a runed translucent door.
 40322 | Elf:1    | Noticed Howanit's ghost (veteran DjCj)
 40379 | Elf:1    | Found a transporter.
 40388 | Elf:1    | Found a transporter.
 40549 | Elf:1    | Received a gift from Okawaru
 40550 | Elf:1    | Reached skill level 18 in Hexes
 40584 | Elf:1    | Found Rakhungi's Weapon Shop.
 40895 | Elf:2    | Reached skill level 19 in Hexes
 40996 | Elf:1    | Found a radiant altar of Vehumet.
 41029 | Elf:2    | You pick up a book of Air and begin reading...
 41041 | Elf:2    | You pick up a book of the Tundra and begin reading...
 41125 | Elf:2    | Found a runed translucent gate.
 41125 | Elf:2    | Found a runed translucent gate.
 41129 | Elf:2    | Found a runed translucent gate.
 41708 | Orc:2    | You drop a +0 quick blade of flaming {shortrare=g}.
 41839 | Elf:3    | Entered Level 3 of the Elven Halls
 41843 | Elf:3    | Reached skill level 20 in Hexes
 42428 | Elf:3    | Reached XP level 21. HP: 168/168 MP: 33/33
 42495 | Elf:3    | Received a gift from Okawaru
 42503 | Elf:3    | Reached skill level 21 in Hexes
 43161 | Elf:3    | Identified the +6 arbalest "Qamum" {freeze, *Corrode
                  | Fragile rElec Str+7}
 43164 | Elf:3    | Identified the ring of Makhleb's Generosity {rElec rC-
                  | rCorr Dex+3 Stlth+}
 43164 | Elf:3    | Found the +7 Kryia's mail coat {PotionHeal*2 rC+}
 43170 | Elf:3    | Got a moldy book
 43181 | Elf:3    | You pick up a book of Blasting and begin reading...
 43181 | Elf:3    | You add the spells Volatile Blastmotes, Fulminant Prism and
                  | Iskenderun's Mystic Blast to your library.
 43239 | Elf:3    | Identified the +8 rapier of Ziduruxt {venom, rF+}
 43248 | Elf:3    | Reached skill level 5 in Armour
 43252 | Elf:3    | You pick up a book of Blood and begin reading...
 43252 | Elf:3    | You add the spells Sublimation of Blood and Wereblood to
                  | your library.
 43256 | Elf:3    | Learned a level 2 spell: Wereblood
 43258 | Elf:3    | Identified the ring "Finom" {Ice Drain rPois Will+ Stlth+}
 43262 | Elf:3    | You pick up a book of Scorching and begin reading...
 43262 | Elf:3    | You add the spells Scorch and Flame Wave to your library.
 43271 | Elf:3    | You pick up a book of Minor Magic and begin reading...
 43271 | Elf:3    | You add the spells Magic Dart and Mephitic Cloud to your
                  | library.
 43272 | Elf:3    | Identified the ring "Zynakk" {rN+ Will+ Slay+5}
 43278 | Elf:3    | Identified the orb of Calculation {*channel, rCorr Str+4}
 43306 | Elf:3    | Identified the staff "Tomusch" {rPois rN+ Conj}
 43312 | Elf:3    | Got a curling book
 43763 | Depths:1 | Entered Level 1 of the Depths
 43764 | Depths:1 | magus.rc [v1.9.6]
 43825 | Depths:1 | Identified the +7 dagger of Diacolee {spect, Stlth+}
 43880 | Depths:1 | Received a gift from Okawaru
 43881 | Depths:1 | Reached skill level 6 in Armour
 44113 | Depths:1 | Reached skill level 7 in Armour
 44340 | Depths:1 | Found a gateway to Hell.
 44360 | Depths:1 | Reached skill level 8 in Armour
 44541 | Depths:1 | Identified the amulet "Cacio" {Acrobat Rampage Dex+3}
 44612 | Depths:1 | Found a sparkling altar of Nemelex Xobeh.
 44971 | Depths:2 | Reached skill level 9 in Armour
 45032 | Depths:2 | Reached skill level 10 in Armour
 45069 | Depths:2 | Found a one-way gate leading to the halls of Pandemonium.
 45111 | Depths:2 | Found a one-way gateway to a ziggurat.
 45132 | Depths:2 | Noticed a golden dragon
 45175 | Depths:2 | Killed a golden dragon
 45175 | Depths:2 | Identified +0 gold dragon scales
 45182 | Depths:2 | Reached skill level 11 in Armour
 45286 | Depths:2 | Identified the +7 plate armour of Truth {rF+ rC+ Dex+2}
 45564 | Depths:2 | Noticed a juggernaut
 45588 | Depths:2 | Reached skill level 12 in Armour
 45597 | Depths:2 | Killed a juggernaut
 45980 | Depths:2 | Reached XP level 22. HP: 133/176 MP: 23/34
 46088 | Depths:2 | Identified the staff of the Bear {rF+ rC+ Int+2 Fire}
 46150 | Depths:2 | Identified the +10 falchion of Fate {venom, Contam rF+ rN+
                  | Str+4 SInv}
 46152 | Depths:2 | Reached skill level 19 in Dodging
 46177 | Depths:2 | Noticed a golden dragon
 46194 | Depths:2 | Killed a golden dragon
 46229 | Depths:2 | Identified a scroll of acquirement
 46230 | Depths:2 | Acquired 672 gold pieces
 46613 | Depths:2 | Identified the +1 robe of Hangman {Str+2 Int+3 Dex+2}
 46802 | Depths:3 | Received a gift from Okawaru
 46871 | Depths:3 | Reached skill level 20 in Dodging
 47387 | Depths:3 | Noticed a golden dragon
 47403 | Depths:3 | Killed a golden dragon
 47634 | Depths:3 | You pick up a book of Displacement and begin reading...
 47772 | Depths:3 | Noticed Sojobo
 47773 | Depths:3 | Reached skill level 21 in Dodging
 47779 | Depths:3 | Paralysed by an air elemental for 1 turns
 47784 | Depths:3 | Paralysed by an air elemental for 1 turns
 47925 | Depths:3 | Paralysed by an air elemental for 1 turns
 47938 | Depths:3 | Paralysed by an air elemental for 1 turns
 47940 | Depths:3 | Killed Sojobo
 48377 | Depths:4 | Entered Level 4 of the Depths
 48416 | Depths:4 | Reached skill level 16 in Fighting
 48691 | Depths:4 | Found a runed translucent gate.
 48691 | Depths:4 | Found a runed translucent gate.
 48691 | Depths:4 | Found a runed translucent gate.
 48780 | Depths:4 | Received a gift from Okawaru
 49075 | Depths:4 | Noticed a golden dragon
 49084 | Depths:4 | Killed a golden dragon
 49158 | Depths:4 | Reached skill level 17 in Fighting
 49254 | Depths:4 | Found a gate to the Realm of Zot.
 49261 | Depths:4 | +0 shadow dragon scales {rare}; a +0 antimagic broad axe
                  | {axe}; a +0 animal skin
 49274 | Depths:4 | Identified the +9 dagger of Kilefaro {vamp, rPois rN+
                  | Dex+4}
 49436 | Depths:4 | O - a +0 quick blade of protection {shortrare=g}
 49507 | Depths:4 | You drop a +0 quick blade of protection {shortrare=g}.
 49508 | Depths:4 | O - a +0 quick blade of protection {shortrare=g}
 49719 | Depths:4 | Reached XP level 23. HP: 100/189 MP: 13/35
 50022 | Depths:4 | Reached skill level 18 in Fighting
 50366 | Depths:4 | magus.rc [v1.9.6]
 50622 | Slime:1  | Entered Level 1 of the Pits of Slime
 50868 | Slime:3  | Noticed Dissolution
 50883 | Slime:3  | Killed Dissolution
 51007 | Slime:5  | Entered Level 5 of the Pits of Slime
 51061 | Slime:5  | Gained mutation: Potions are less effective at restoring
                  | your health. [a shining eye]
 51068 | Slime:5  | Gained mutation: Armour fits poorly on your strangely
                  | shaped body. [a shining eye]
 51093 | Slime:5  | Reached skill level 9 in Spellcasting
 51132 | Slime:5  | Gained mutation: You occasionally lose the ability to read
                  | scrolls when taking damage. [a shining eye]
 51134 | Slime:5  | Lost mutation: Potions are less effective at restoring your
                  | health. [potion of mutation]
 51134 | Slime:5  | Lost mutation: You passively map a small area around you.
                  | [potion of mutation]
 51134 | Slime:5  | Lost mutation: Armour fits poorly on your strangely shaped
                  | body. [potion of mutation]
 51134 | Slime:5  | Lost mutation: Your muscles are strong. (Str +4, Int/Dex
                  | -1) [potion of mutation]
 51134 | Slime:5  | Gained mutation: You expend magic power (3 MP) to
                  | strengthen your wands. [potion of mutation]
 51134 | Slime:5  | Noticed the Royal Jelly
 51157 | Slime:5  | Killed the Royal Jelly
 51568 | Slime:5  | Reached skill level 19 in Fighting
 51609 | Slime:5  | Identified the +4 trident of Souful {spect, rN+ Stlth+}
 51624 | Slime:5  | You drop a +0 quick blade of protection {shortrare=g}.
 51632 | Slime:5  | O - a +0 quick blade of protection {shortrare=g}
 51690 | Slime:5  | Found the +3 pair of mountain boots {steadfast, rC+}
 51744 | Slime:5  | Gained mutation: You are clumsy. (Dex -2) [a shining eye]
 51802 | Slime:5  | Identified the amulet "Eshusk" {RegenMP rF+}
 51809 | Slime:5  | Acquired the +1 helmet "Enty" {Rampage Will+ Str+3}
 51816 | Slime:5  | Identified the +6 quarterstaff "Voisch" {drain, SInv}
 51827 | Slime:5  | You pick up a book of Blasting and begin reading...
 51882 | Slime:5  | Identified the +11 glaive of Eternal Vigilance {drain,
                  | Str+6 Stlth+}
 51887 | Slime:5  | You pick up a book of Party Tricks and begin reading...
 51892 | Slime:5  | Identified the +2 helmet of Weesem {+Inv Str+3 Int+4}
 51902 | Slime:5  | Identified the +5 sling of Generosity {antimagic, rC++
                  | Int+3}
 51905 | Slime:5  | Identified the +9 halberd of the Desert {heavy, rElec
                  | Str+2}
 51912 | Slime:5  | Got a slimy rune of Zot
 51918 | Slime:5  | You drop a +0 quick blade of protection {shortrare=g}.
 51922 | Slime:5  | O - a +0 quick blade of protection {shortrare=g}
 51930 | Slime:5  | You finish taking off your quicksilver dragon scales
                  | {rare}.
 51945 | Slime:5  | You finish putting on your quicksilver dragon scales
                  | {rare}.
 51950 | Slime:5  | You finish taking off your quicksilver dragon scales
                  | {rare}.
 51955 | Slime:5  | You drop quicksilver dragon scales {rare}.
 52301 | Depths:4 | a +0 animal skin; a +0 antimagic broad axe {axe}; +0 shadow
                  | dragon scales {rare}
 52310 | Zot:1    | Entered Level 1 of the Realm of Zot
 52372 | Zot:2    | Reached skill level 10 in Spellcasting
 52409 | Zot:2    | quicksilver dragon scales {rare}; a quicksilver dragon
                  | corpse
 52531 | Zot:5    | Entered Level 5 of the Realm of Zot
 52630 | Zot:4    | You drop a +0 quick blade of protection {shortrare=g}.
 52660 | Zot:5    | Identified +0 gold dragon scales
 52894 | Zot:5    | Noticed a curse toe
 52894 | Zot:5    | Noticed an orb of fire
 52905 | Zot:5    | Gained mutation: Your magical capacity is low. (-10% MP)
                  | [an orb of fire]
 52906 | Zot:5    | Killed an orb of fire
 52907 | Zot:5    | Reached skill level 20 in Fighting
 52917 | Zot:5    | Killed a curse toe
 52918 | Zot:5    | Lost mutation: You occasionally lose the ability to read
                  | scrolls when taking damage. [potion of mutation]
 52918 | Zot:5    | Lost mutation: Your magical capacity is low. (-10% MP)
                  | [potion of mutation]
 52918 | Zot:5    | Lost mutation: You are clumsy. (Dex -2) [potion of
                  | mutation]
 52918 | Zot:5    | Gained mutation: You are weak. (Str -2) [potion of
                  | mutation]
 52918 | Zot:5    | Gained mutation: You have hidden genetic potential. [potion
                  | of mutation]
 53019 | Zot:5    | Found a transporter.
 53021 | Zot:5    | Noticed a Killer Klown
 53087 | Zot:5    | Killed a Killer Klown
 53441 | Zot:5    | Noticed a Killer Klown
 53451 | Zot:5    | Killed a Killer Klown
 53452 | Zot:5    | Reached XP level 24. HP: 206/206 MP: 31/37
 53456 | Zot:5    | Noticed an electric golem
 53456 | Zot:5    | Noticed an orb of fire
 53458 | Zot:5    | Noticed a Killer Klown
 53462 | Zot:5    | Noticed a Killer Klown
 53470 | Zot:5    | Gained mutation: You are clumsy. (Dex -2) [an orb of fire]
 53471 | Zot:5    | Killed an orb of fire
 53471 | Zot:5    | Received a gift from Okawaru
 53471 | Zot:5    | Killed a Killer Klown
 53479 | Zot:5    | Killed an electric golem
 53493 | Zot:5    | Killed a Killer Klown
 53505 | Zot:5    | Reached skill level 21 in Fighting
 53507 | Zot:5    | You pick up a book of the Wilderness and begin reading...
 53647 | Zot:5    | Noticed a dread lich
 53657 | Zot:5    | Killed a dread lich
 53777 | Zot:5    | Learned a level 1 spell: Apportation
 53779 | Zot:5    | Noticed Uhixybic the pandemonium lord
 53784 | Zot:5    | Noticed an ancient lich
 53787 | Zot:5    | Killed Uhixybic the pandemonium lord
 53788 | Zot:5    | Reached skill level 19 in Ranged Weapons
 53794 | Zot:5    | Killed an ancient lich
 53796 | Zot:5    | Got the Orb of Zot
 53921 | Depths:4 | a +0 animal skin; a +0 antimagic broad axe {axe}; +0 shadow
                  | dragon scales {rare}
 54129 | D:11     | Noticed Piaken the pandemonium lord
 54380 | D:$      | Escaped with the Orb!

Vanquished Creatures
  the Royal Jelly (Slime:5)
  Dissolution (Slime:3)
  A dread lich (Zot:5)
  An ancient lich (Zot:5)
  Mara (Vaults:2)
  Mennas (Vaults:2)
  2 orbs of fire (Zot:5)
  A juggernaut (Depths:2)
  Sojobo (Depths:3)
  4 Killer Klowns (Zot:5)
  Margery (Vaults:4)
  Xtahua (Vaults:3)
  A curse toe (Zot:5)
  Vashnia (Snake:3)
  8 golden dragons
  Nikola (Snake:4)
  An electric golem (Zot:5)
  A Brimstone Fiend (D:12)
  5 tentacled monstrosities
  An Ice Fiend (D:14)
  5 liches
  A deep elf master archer (Depths:2)
  4 quicksilver dragons
  22 Orb Guardians (Zot:5)
  A walking frostbound tome (Depths:4)
  A deep elf blademaster (Elf:3)
  A titan (Depths:2)
  A walking divine tome (Depths:4)
  2 sphinxes
  A kraken (Shoals:3)
  15 acid blobs
  A death cob (Zot:5)
  6 tengu reavers
  Aizul (Snake:4)
  3 shadow dragons
  17 azure jellies
  Donald (Shoals:2)
  5 nagarajas
  2 storm dragons
  A draconian monk (Depths:4)
  A draconian knight (Depths:4)
  4 fire giants
  5 rockslimes (Slime:5)
  10 frost giants
  12 deep elf sorcerers
  A pandemonium lord (Zot:5)
  A draconian scorcher (Zot:3)
  An iron dragon (Depths:1)
  6 deep elf elementalists (Elf:3)
  A balrug (Depths:4)
  13 vault wardens
  11 ironbound preservers
  3 spriggan defenders
  A juggernaut zombie (Depths:2)
  4 orc warlords
  A formless jellyfish (Vaults:2)
  7 quicksilver oozes
  2 draconian stormcallers
  3 reapers
  2 war gargoyles (Vaults:1)
  12 ironbound thunderhulks
  17 very ugly things
  13 stone giants
  5 vampire knights
  6 black draconians
  2 yellow draconians (Zot:3)
  8 dire elephants
  4 green draconians
  A minotaur (Lair:4)
  6 deep elf annihilators
  2 spark wasps (Depths:2)
  9 deep elf demonologists
  5 red draconians
  4 white draconians
  An ettin (shapeshifter) (Depths:4)
  9 deep elf death magi
  7 merfolk impalers
  4 merfolk javelineers
  13 fire dragons
  8 yaktaur captains
  5 deep elf high priests (Elf:3)
  4 blizzard demons
  3 entropy weavers
  7 ettins
  A jiangshi (Depths:2)
  12 great orbs of eyes
  3 rakshasas (Depths:1)
  An ice dragon (shapeshifter) (Depths:2)
  6 ice dragons
  4 salamander tyrants
  4 vault guards
  3 spriggan air magi (Depths:4)
  5 catoblepae
  2 ogre magi
  11 anacondas
  A peacekeeper (Vaults:1)
  20 centaur warriors
  4 merfolk aquamancers
  6 merfolk avatars
  14 two-headed ogres
  7 boulder beetles
  3 ironbound frosthearts
  A two-headed ogre (shapeshifter) (Depths:2)
  3 alligator snapping turtles (Shoals:4)
  3 deep troll shamans
  A satyr (Shoals:4)
  2 death knights (Vaults:3)
  14 death yaks
  5 tengu warriors
  A vampire mage (Depths:4)
  2 orc high priests
  7 spriggan berserkers
  10 deep troll earth magi
  11 dancing weapons
  18 naga warriors
  17 naga sharpshooters
  14 deep elf knights
  2 soul eaters
  2 sun demons (Depths:4)
  13 hell knights
  5 shock serpents
  A fire crab (shapeshifter) (D:14)
  4 skysharks
  A skeletal warrior (D:14)
  A salamander mystic (Snake:2)
  A sixfirhy (Depths:4)
  5 iron trolls
  5 sea snakes
  6 glowing orange brains
  32 deep trolls
  2 flayed ghosts
  4 naga ritualists
  An obsidian statue (Depths:4)
  16 ironbound convokers
  8 orc knights
  17 wizards
  20 harpies
  15 deep elf archers
  27 deep elf zephyrmancers
  6 necromancers
  6 phantasmal warriors
  2 mana vipers (Snake:4)
  4 orc sorcerers (Orc:2)
  6 shining eyes
  11 lindwurms
  25 deep elf pyromancers
  12 cyclopes
  19 manticores
  7 fauns
  37 ugly things
  10 moths of wrath
  8 merfolk sirens
  12 naga magi
  17 vault sentinels
  19 elephants
  36 black mambas
  6 guardian serpents
  9 salamanders
  An eye of devastation (shapeshifter) (D:13)
  4 water nymphs
  A rust devil (Depths:4)
  A smoke demon (Depths:4)
  2 torpor snails
  An eye of devastation (Slime:4)
  A gargoyle (D:12)
  A torpor snail (shapeshifter) (Depths:1)
  12 cane toads
  4 kobold demonologists (D:12)
  An efreet (D:14)
  An unseen horror (D:12)
  33 yaktaurs
  6 rime drakes
  6 komodo dragons
  3 ice devils
  5 tengu conjurers (Depths:2)
  A red devil (Zot:5)
  A troll (shapeshifter) (Depths:2)
  17 merfolk
  7 polar bears
  6 trolls
  A tarantella (shapeshifter) (D:15)
  10 hornets
  5 wind drakes
  A hellwing (Depths:3)
  12 dream sheep
  18 blink frogs
  11 snapping turtles
  80 slime creatures
  2 air elementals (Elf:1)
  27 water elementals
  17 spriggans
  33 yaks
  4 shadows (Gauntlet)
  2 fire elementals
  6 wraiths
  2 wyverns
  7 basilisks
  4 fire bats (Volcano)
  4 neqoxecs
  2 golden eyes (Slime:5)
  A basilisk (shapeshifter) (D:14)
  6 redbacks
  3 vampire mosquitoes
  Edmund (D:5)
  2 steam dragons
  3 wargs
  A hell hound (Volcano)
  49 nagas
  An acid dragon (D:11)
  19 orc warriors
  17 water moccasins
  5 black bears
  A sky beast (D:7)
  6 ogres
  A small abomination (Zot:5)
  5 boggarts
  15 centaurs
  29 wolves
  7 kobold brigands
  4 scorpions
  20 bullfrogs
  2 earth elementals (Elf:2)
  2 gnoll sergeants
  24 wights
  2 killer bees (D:9)
  7 howler monkeys
  15 orc priests
  6 jellies
  7 hounds
  A gnoll bouda (D:6)
  2 sleepcaps
  Jessica (D:3)
  Terence (D:2)
  6 iguanas
  25 orc wizards
  Natasha (twice) (D:3)
  17 gnolls
  10 adders
  2 shadow imps (D:4)
  4 white imps
  An ufetubus (D:4)
  4 worms
  4 dart slugs
  46 orcs
  5 bats
  8 endoplasms
  5 giant cockroaches
  10 goblins
  5 hobgoblins
  3 jackals (D:1)
  8 quokkas
  8 ball pythons
  3 frilled lizards (D:1)
  27 kobolds
  7 rats
  A spectral kobold (D:2)
  A tentacle (Shoals:3)
1867 creatures vanquished.

Vanquished Creatures (others)
  A shock serpent (Snake:4)
  A deep elf zephyrmancer (Elf:2)
  A water elemental (Elf:2)
  A bullfrog (D:8)
  An orc wizard (Orc:2)
  14 tentacles (Shoals:3)
19 creatures vanquished.

Grand Total: 1886 creatures vanquished

Table legend:
 A = Non-vault XP
 B = Vault XP
 C = Vault XP percentage of total XP
 D = Non-vault monster count
 E = Vault monster count
 F = Vault count percentage of total count
                 A         B        C        D         E       F
            +---------+---------+-------+---------+---------+-------
      Total |  563716 |  480386 |  46.0 |    1232 |     607 |  33.0
            +---------+---------+-------+---------+---------+-------
        D:1 |      51 |       0 |   0.0 |      29 |       0 |   0.0
        D:2 |      69 |      37 |  34.9 |      22 |       2 |   8.3
        D:3 |      90 |      72 |  44.4 |      18 |       2 |  10.0
        D:4 |     425 |      52 |  10.9 |      27 |       5 |  15.6
        D:5 |     673 |     212 |  24.0 |      18 |       3 |  14.3
        D:6 |     896 |       0 |   0.0 |      20 |       0 |   0.0
        D:7 |    1462 |       0 |   0.0 |      24 |       0 |   0.0
        D:8 |     916 |       0 |   0.0 |      23 |       0 |   0.0
        D:9 |    1726 |       0 |   0.0 |      36 |       0 |   0.0
       D:10 |    1195 |       0 |   0.0 |       8 |       0 |   0.0
       D:11 |    2819 |    4096 |  59.2 |      14 |      10 |  41.7
       D:12 |    6644 |       0 |   0.0 |      23 |       0 |   0.0
       D:13 |    5174 |    1605 |  23.7 |      10 |       3 |  23.1
       D:14 |    8809 |   22008 |  71.4 |      15 |      35 |  70.0
       D:15 |   11360 |    1774 |  13.5 |      27 |       2 |   6.9
     Lair:1 |    7461 |      93 |   1.2 |      33 |       1 |   2.9
     Lair:2 |    4750 |       0 |   0.0 |      14 |       0 |   0.0
     Lair:3 |   13537 |    2379 |  14.9 |      39 |       9 |  18.8
     Lair:4 |    9912 |    1164 |  10.5 |      31 |       5 |  13.9
     Lair:5 |   14006 |    8474 |  37.7 |      40 |      44 |  52.4
   Shoals:1 |   16877 |    3686 |  17.9 |      34 |       8 |  19.0
   Shoals:2 |    5849 |    1341 |  18.7 |      13 |       1 |   7.1
   Shoals:3 |   13686 |    5921 |  30.2 |      25 |       8 |  24.2
   Shoals:4 |    8970 |   21297 |  70.4 |      24 |      36 |  60.0
    Snake:1 |   13883 |       0 |   0.0 |      30 |       0 |   0.0
    Snake:2 |   17526 |       0 |   0.0 |      31 |       0 |   0.0
    Snake:3 |   21583 |    5807 |  21.2 |      40 |       5 |  11.1
    Snake:4 |   24554 |   15357 |  38.5 |      53 |      18 |  25.4
    Slime:1 |    9936 |       0 |   0.0 |      13 |       0 |   0.0
    Slime:2 |    1031 |       0 |   0.0 |       3 |       0 |   0.0
    Slime:3 |    5863 |    7264 |  55.3 |      18 |       1 |   5.3
    Slime:4 |    6962 |       0 |   0.0 |       7 |       0 |   0.0
    Slime:5 |    8737 |   25343 |  74.4 |      15 |      20 |  57.1
      Orc:1 |    3640 |       0 |   0.0 |      33 |       0 |   0.0
      Orc:2 |     985 |    4457 |  81.9 |      16 |      33 |  67.3
      Elf:1 |   18432 |    8192 |  30.8 |      29 |      13 |  31.0
      Elf:2 |   24529 |    1649 |   6.3 |      44 |       2 |   4.3
      Elf:3 |   13568 |   39462 |  74.4 |      22 |      37 |  62.7
   Vaults:1 |   30609 |   15680 |  33.9 |      46 |      23 |  33.3
   Vaults:2 |   24285 |   18945 |  43.8 |      41 |      15 |  26.8
   Vaults:3 |   26647 |   32743 |  55.1 |      39 |      48 |  55.2
   Vaults:4 |   12168 |   39140 |  76.3 |      18 |      40 |  69.0
   Depths:1 |   20526 |       0 |   0.0 |      24 |       0 |   0.0
   Depths:2 |     956 |   83861 |  98.9 |       3 |      91 |  96.8
   Depths:3 |   31609 |   16794 |  34.7 |      36 |      16 |  30.8
   Depths:4 |   51603 |   23807 |  31.6 |      61 |      27 |  30.7
      Zot:1 |    3635 |       0 |   0.0 |       5 |       0 |   0.0
      Zot:2 |   10129 |       0 |   0.0 |       8 |       0 |   0.0
      Zot:3 |   13945 |       0 |   0.0 |      14 |       0 |   0.0
      Zot:4 |     967 |       0 |   0.0 |       2 |       0 |   0.0
      Zot:5 |   28051 |   63988 |  69.5 |      14 |      30 |  68.2
    Volcano |       0 |    2804 | 100.0 |       0 |      10 | 100.0
   Gauntlet |       0 |     882 | 100.0 |       0 |       4 | 100.0
            +---------+---------+-------+---------+---------+-------

Skill      XL: |  1  2  3  4  5  6  7  8  9 10 11 12 13 14 15 16 17 18 19 20 21 22 23 24 |
---------------+-------------------------------------------------------------------------+-----
Ranged Weapons | 2 3 4 5 8 10 11 12 14 15 16 18 19 | 19.2
Hexes          | 5 7 10 12 14 20 21 | 21.0
Spellcasting   | 3 6 8 10 | 10.0
Fighting       | 5 8 10 11 13 14 15 17 20 21 | 21.0
Dodging        | 5 10 11 13 16 18 21 | 21.0
Invocations    | 2 8 |  8.0
Translocations | 4 |  4.5
Stealth        | 6 |  6.0
Evocations     | 8 |  8.0
Armour         | 2 4 12 | 12.0
Ice Magic      | 6 |  6.0
Transmutations | 7 10 | 10.0
Fire Magic     | |  0.7

Action                     |  1- 3 |  4- 6 |  7- 9 | 10-12 | 13-15 | 16-18 | 19-21 | 22-24 || total
---------------------------+-------+-------+-------+-------+-------+-------+-------+-------++-------
   Fire: Sling             |    97 |   246 |   104 |       |       |       |       |       ||   447
         Shortbow          |       |       |   232 |   605 |       |       |       |       ||   837
         Longbow           |       |       |       |    76 |  1191 |  1819 |  1994 |  1733 ||  6813
   Cast: Jinxbite          |     1 |     7 |    36 |    72 |    63 |    19 |       |       ||   198
         Cause Fear        |       |       |       |     4 |     2 |       |       |       ||     6
         Sigil of Binding  |       |       |       |     3 |       |       |       |       ||     3
         Inner Flame       |       |       |       |       |     5 |     2 |       |       ||     7
         Dimensional Bulls |       |       |       |       |     3 |     3 |    23 |    23 ||    52
         Metabolic Englaci |       |       |       |       |       |     4 |    12 |     1 ||    17
         Ozocubu's Armour  |       |       |       |       |       |     2 |     3 |     4 ||     9
         Blink             |       |       |       |       |       |     1 |     5 |    13 ||    19
         Wereblood         |       |       |       |       |       |       |    14 |    22 ||    36
         Enfeeble          |       |       |       |       |       |       |       |    12 ||    12
         Apportation       |       |       |       |       |       |       |       |     2 ||     2
 Invoke: Heroism           |       |       |       |     1 |     3 |    33 |    28 |    22 ||    87
         Receive Weapon    |       |       |       |     1 |       |       |       |       ||     1
         Receive Armour    |       |       |       |     1 |       |       |       |       ||     1
         Finesse           |       |       |       |       |     1 |     5 |    15 |    17 ||    38
Ability: Exsanguinate      |       |       |       |       |       |     1 |       |       ||     1
  Evoke: Wand              |       |       |       |     3 |       |       |       |       ||     3
         Phial of floods   |       |       |       |       |       |       |     1 |       ||     1
    Use: Scroll            |       |     5 |     4 |    12 |    11 |     6 |    10 |    10 ||    58
         Potion            |       |     1 |     2 |     1 |     1 |     1 |     4 |     5 ||    15
 Armour: Robe              |    20 |    51 |    87 |   173 |    57 |       |       |       ||   388
         Leather armour    |       |       |       |       |    56 |       |       |       ||    56
         Troll leather arm |       |       |       |       |    16 |    77 |       |    52 ||   145
         Ring mail         |       |       |       |       |    13 |   141 |       |       ||   154
         Quicksilver drago |       |       |       |       |       |    77 |   274 |   252 ||   603
  Dodge: Dodged            |    29 |    56 |    86 |   243 |   221 |   520 |   534 |   654 ||  2343

Illustrated notes

Table legend:
 A = Kills in this place as a percentage of kills in the entire game.
 B = Kills by you in this place as a percentage of kills by you in the entire game.
 C = Kills by friends in this place as a percentage of kills by friends in the entire game.
 D = Other kills in this place as a percentage of other kills in the entire game.
 E = Experience gained in this place as a percentage of experience gained in the entire game.
 F = Experience gained in this place divided by the number of levels of this place that you have seen.
                   A       B       C       D       E      F
               +-------+-------+-------+-------+-------+----------------------
         Total | 100.0 | 100.0 |   N/A | 100.0 | 100.0 | 19109.4
       Dungeon |  20.5 |  20.5 |   N/A | 100.0 |   7.3 | 5137.8
          Lair |  11.7 |  11.7 |   N/A |   0.0 |   5.9 | 12355.2
        Shoals |   8.1 |   8.1 |   N/A |   0.0 |   7.4 | 19406.8
     Snake Pit |   9.6 |   9.6 |   N/A |   0.0 |   9.4 | 24677.5
    Slime Pits |   4.2 |   4.2 |   N/A |   0.0 |   6.2 | 13027.2
  Orcish Mines |   4.4 |   4.4 |   N/A |   0.0 |   0.9 | 4541.0
   Elven Halls |   8.0 |   8.0 |   N/A |   0.0 |  10.1 | 35277.3
        Vaults |  14.6 |  14.6 |   N/A |   0.0 |  19.0 | 50054.2
        Depths |  14.0 |  14.0 |   N/A |   0.0 |  21.8 | 57289.0
           Zot |   4.2 |   4.2 |   N/A |   0.0 |  11.7 | 24545.8
       Volcano |   0.5 |   0.5 |   N/A |   0.0 |   0.3 | 2804.0
      Gauntlet |   0.2 |   0.2 |   N/A |   0.0 |   0.1 | 882.0
               +-------+-------+-------+-------+-------+----------------------

Table legend: (Time is in decaauts)
 A = Elapsed time spent in this place.
 B = Non-inter-level travel time spent in this place.
 C = Inter-level travel time spent in this place.
 D = Time resting spent in this place.
 E = Time spent auto-exploring this place.
 F = Levels seen in this place.
 G = Mean time per level.
                   A        B        C        D        E       F      G
               +--------+--------+--------+--------+--------+-----+--------+
         Total |  51433 |  46932 |   4501 |   3594 |  33334 |  55 |  935.1 |
       Dungeon |  15264 |  13287 |   1977 |    886 |  10046 |  15 | 1017.6 |
        Temple |     18 |      9 |      9 |      0 |      0 |   1 |   18.0 |
          Lair |   6742 |   5958 |    784 |    278 |   4498 |   5 | 1348.4 |
        Shoals |   4016 |   3839 |    177 |    353 |   2816 |   4 | 1004.0 |
     Snake Pit |   4605 |   4365 |    240 |    282 |   3110 |   4 | 1151.2 |
    Slime Pits |   1219 |   1132 |     87 |    325 |    215 |   5 |  243.8 |
  Orcish Mines |   1216 |    980 |    236 |     53 |    705 |   2 |  608.0 |
   Elven Halls |   3340 |   3073 |    267 |    461 |   1978 |   3 | 1113.3 |
        Vaults |   6439 |   6148 |    291 |    255 |   4534 |   4 | 1609.8 |
        Depths |   6241 |   5900 |    341 |    433 |   4350 |   4 | 1560.2 |
           Zot |   1345 |   1258 |     87 |     98 |    706 |   5 |  269.0 |
        Bazaar |     92 |     92 |      0 |      0 |     48 |   1 |   92.0 |
       Volcano |    304 |    304 |      0 |     45 |     98 |   1 |  304.0 |
      Gauntlet |    584 |    584 |      0 |    122 |    227 |   1 |  584.0 |
               +--------+--------+--------+--------+--------+-----+--------+

Top non-repeatable levels by time:
Depths:4: 1923 daAuts
Vaults:3: 1845 daAuts
    D:11: 1790 daAuts
Vaults:2: 1668 daAuts
Vaults:1: 1633 daAuts
   Elf:3: 1542 daAuts
Depths:3: 1504 daAuts
Depths:2: 1485 daAuts
  Lair:4: 1416 daAuts
  Lair:1: 1400 daAuts
 Snake:1: 1337 daAuts
Depths:1: 1329 daAuts
  Lair:5: 1311 daAuts
  Lair:3: 1308 daAuts
  Lair:2: 1305 daAuts
